TOP OF THE 1ST |
Winnipeg Goldeyes batting - Pitching for Chester Pirates : RHP Hitoshi Yoshihara
|
Pitching: RHP Hitoshi Yoshihara
|
|
Batting: RHB John Dew
|
0-0: Foul Ball, location: 2F 0-1: Swinging Strike 0-2: Ball 1-2: Ball 2-2: Ball 3-2: SINGLE (Groundball, 6MD, EV 105.6 MPH)
|
Batting: SHB Ian Thompson
|
0-0: Ball 1-0: Grounds into double play, 4-6-3 (Groundball, 4, EV 100.6 MPH)
|
Batting: RHB Steve Raine
|
0-0: Called Strike 0-1: Ball 1-1: Ball 2-1: Ball 3-1: Called Strike 3-2: Strikes out swinging
|
Top of the 1st over - 0 runs, 1 hit, 0 errors, 0 left on base; Winnipeg 0 - Chester 0 |
BOTTOM OF THE 1ST |
Chester Pirates batting - Pitching for Winnipeg Goldeyes : RHP Tom Winsor
|
Pitching: RHP Tom Winsor
|
|
Batting: RHB Terrence Wilson
|
0-0: Ball 1-0: Ball 2-0: Ball 3-0: Called Strike 3-1: Called Strike 3-2: Ground out 4-3 (Groundball, 4, EV 88.8 MPH)
|
Batting: SHB Don Hauk
|
0-0: Ball 1-0: Swinging Strike 1-1: Fly out, F6 (Flyball, 6D, EV 91.2 MPH)
|
Batting: RHB Brandon White
|
0-0: SINGLE (Line Drive, 8LS, EV 93.8 MPH)
|
Batting: RHB Jeff Edwards
|
0-0: Ball 1-0: Called Strike 1-1: 2-RUN HOME RUN (Flyball, 7D, EV 98.8 MPH), Distance : 404 ft
|
Batting: RHB Dan Kurtz
|
0-0: Swinging Strike 0-1: Ground out 5-3 (Groundball, 56, EV 88.8 MPH)
|
Bottom of the 1st over - 2 runs, 2 hits, 0 errors, 0 left on base; Winnipeg 0 - Chester 2 |
TOP OF THE 2ND |
Winnipeg Goldeyes batting - Pitching for Chester Pirates : RHP Hitoshi Yoshihara
|
Batting: LHB Marvin Shepherd
|
0-0: Ball 1-0: Ball 2-0: Called Strike 2-1: SINGLE (Flyball, 9LM, EV 97.5 MPH)
|
Batting: SHB Manny Molina
|
0-0: Ball 1-0: Called Strike 1-1: DOUBLE (Flyball, 8RXD, EV 96.2 MPH) Marvin Shepherd to third
|
Batting: LHB Kuemon Shishido
|
0-0: Called Strike 0-1: Swinging Strike 0-2: Strikes out swinging
|
Batting: LHB Brian Wagner
|
0-0: Ball 1-0: SINGLE (Flyball, 78S, EV 88.8 MPH) Marvin Shepherd scores Manny Molina to third
|
Batting: RHB Alexandre Garcia
|
0-0: Ball 1-0: Called Strike 1-1: Foul Ball, location: 2F 1-2: Fly out, F6 (Popup, 6MS, EV 75.6 MPH)
|
Batting: RHB Ton van Dijk
|
0-0: Ball 1-0: Ball 2-0: Called Strike 2-1: Ball 3-1: Swinging Strike 3-2: Foul Ball, location: 2F 3-2: Fly out, F9 (Line Drive, 9, EV 105.6 MPH)
|
Top of the 2nd over - 1 run, 3 hits, 0 errors, 2 left on base; Winnipeg 1 - Chester 2 |
BOTTOM OF THE 2ND |
Chester Pirates batting - Pitching for Winnipeg Goldeyes : RHP Tom Winsor
|
Batting: LHB Dustin Herman
|
0-0: Ball 1-0: Ball 2-0: Foul Ball, location: 2F 2-1: Called Strike 2-2: TRIPLE (Flyball, 78XD, EV 98.1 MPH)
|
Batting: RHB Frank Elizondo
|
0-0: SINGLE (Line Drive, 34, EV 98.8 MPH) Dustin Herman scores
|
Batting: RHB Erik Mulligan
|
0-0: Ball 1-0: Ball 2-0: Called Strike 2-1: Foul Ball, location: 2F 2-2: Ball 3-2: Base on Balls Frank Elizondo to second
|
Batting: LHB Chad Cutler
|
0-0: 3-RUN HOME RUN (Flyball, 9D, EV 105.0 MPH), Distance : 403 ft
|
Batting: RHB Terrence Wilson
|
0-0: Foul Ball, location: 2F 0-1: Ball 1-1: Swinging Strike 1-2: Foul Ball, location: 2F 1-2: Ball 2-2: Ball 3-2: Foul Ball, location: 2F 3-2: Base on Balls
|
Pitching: RHP Tim Weller
|
|
Batting: SHB Don Hauk
|
0-0: Ball 1-0: Fly out, F7 (Flyball, 7LD, EV 89.4 MPH)
|
Batting: RHB Brandon White
|
0-0: Called Strike 0-1: Fielders Choice at 2nd, 5-4 (Groundball, 5, EV 86.2 MPH)
|
Batting: RHB Jeff Edwards
|
0-0: Ball 1-0: Fly out, F9 (Line Drive, 9, EV 103.1 MPH)
|
Bottom of the 2nd over - 4 runs, 3 hits, 0 errors, 1 left on base; Winnipeg 1 - Chester 6 |
TOP OF THE 3RD |
Winnipeg Goldeyes batting - Pitching for Chester Pirates : RHP Hitoshi Yoshihara
|
Batting: RHB John Dew
|
0-0: Swinging Strike 0-1: Ball 1-1: Ball 2-1: Foul Ball, location: 2F 2-2: Foul Ball, location: 2F 2-2: Strikes out looking
|
Batting: SHB Ian Thompson
|
0-0: Foul Ball, location: 2F 0-1: Ball 1-1: Ball 2-1: Called Strike 2-2: Strikes out swinging
|
Batting: RHB Steve Raine
|
0-0: Ball 1-0: Ball 2-0: Ball 3-0: Base on Balls
|
Batting: LHB Marvin Shepherd
|
0-0: Called Strike 0-1: Ball 1-1: Fielders Choice at 2nd, 5-4 (Groundball, 56, EV 80.0 MPH)
|
Top of the 3rd over - 0 runs, 0 hits, 0 errors, 1 left on base; Winnipeg 1 - Chester 6 |
BOTTOM OF THE 3RD |
Chester Pirates batting - Pitching for Winnipeg Goldeyes : RHP Tim Weller
|
Batting: RHB Dan Kurtz
|
0-0: Called Strike 0-1: Ball 1-1: SINGLE (Groundball, 34D, EV 99.4 MPH)
|
Batting: LHB Dustin Herman
|
0-0: Called Strike 0-1: Ball 1-1: Swinging Strike 1-2: Strikes out swinging
|
Batting: RHB Frank Elizondo
|
0-0: Fly out, F9 (Flyball, 89M, EV 96.9 MPH)
|
Batting: RHB Erik Mulligan
|
0-0: Swinging Strike 0-1: Ball 1-1: Called Strike 1-2: Ball 2-2: Foul Ball, location: 2F 2-2: Foul Ball, location: 2F 2-2: Ball 3-2: SINGLE (Groundball, 56S, EV 73.8 MPH) (infield hit) Dan Kurtz to second
|
Pitching: LHP Kevin Drew
|
|
Batting: LHB Chad Cutler
|
0-0: Ball 1-0: Ball 2-0: Foul Ball, location: 2F 2-1: Swinging Strike 2-2: Strikes out swinging
|
Bottom of the 3rd over - 0 runs, 2 hits, 0 errors, 2 left on base; Winnipeg 1 - Chester 6 |
TOP OF THE 4TH |
Winnipeg Goldeyes batting - Pitching for Chester Pirates : RHP Hitoshi Yoshihara
|
Batting: SHB Manny Molina
|
0-0: Ground out 3-1 (Groundball, 34S, EV 77.5 MPH)
|
Batting: LHB Kuemon Shishido
|
0-0: Called Strike 0-1: Called Strike 0-2: Ball 1-2: Foul Ball, location: 2F 1-2: Ball 2-2: Strikes out swinging
|
Batting: LHB Brian Wagner
|
0-0: Called Strike 0-1: Fly out, F6 (Line Drive, 6, EV 73.8 MPH)
|
Top of the 4th over - 0 runs, 0 hits, 0 errors, 0 left on base; Winnipeg 1 - Chester 6 |
BOTTOM OF THE 4TH |
Chester Pirates batting - Pitching for Winnipeg Goldeyes : LHP Kevin Drew
|
Batting: RHB Terrence Wilson
|
0-0: Called Strike 0-1: Called Strike 0-2: Foul Ball, location: 2F 0-2: Ball 1-2: Fly out, F8 (Flyball, 8RS, EV 96.2 MPH)
|
Batting: SHB Don Hauk
|
0-0: Called Strike 0-1: Foul Ball, location: 2F 0-2: Strikes out swinging
|
Batting: RHB Brandon White
|
0-0: SINGLE (Groundball, 6MD, EV 95.0 MPH)
|
Batting: RHB Jeff Edwards
|
0-0: Called Strike 0-1: Fielders Choice at 2nd, 6-4 (Groundball, 6, EV 85.6 MPH)
|
Bottom of the 4th over - 0 runs, 1 hit, 0 errors, 1 left on base; Winnipeg 1 - Chester 6 |
TOP OF THE 5TH |
Winnipeg Goldeyes batting - Pitching for Chester Pirates : RHP Hitoshi Yoshihara
|
Batting: RHB Alexandre Garcia
|
0-0: Ball 1-0: Ball 2-0: Ball 3-0: Base on Balls
|
Batting: RHB Ton van Dijk
|
0-0: Ball 1-0: Ball 2-0: Fielders Choice at 2nd, 5-4 (Groundball, 5, EV 90.0 MPH)
|
Batting: RHB John Dew
|
0-0: Ball 1-0: Ball Ton van Dijk is caught stealing 2nd base 2-4 2-0: Swinging Strike 2-1: Called Strike 2-2: Ball 3-2: Base on Balls
|
Batting: SHB Ian Thompson
|
0-0: Foul Ball, location: 2F 0-1: Foul Ball, location: 2F 0-2: Ball 1-2: Fly out, F8 (Flyball, 78D, EV 91.2 MPH)
|
Top of the 5th over - 0 runs, 0 hits, 0 errors, 1 left on base; Winnipeg 1 - Chester 6 |
BOTTOM OF THE 5TH |
Chester Pirates batting - Pitching for Winnipeg Goldeyes : LHP Kevin Drew
|
Batting: RHB Dan Kurtz
|
0-0: Swinging Strike 0-1: Foul Ball, location: 2F 0-2: Ball 1-2: Foul Ball, location: 2F 1-2: Ball 2-2: Ball 3-2: Foul Ball, location: 2F 3-2: Base on Balls
|
Pitching: RHP Larry Muttart
|
|
Batting: LHB Dustin Herman
|
0-0: Fly out, F1 (Popup, 15, EV 80.6 MPH)
|
Batting: RHB Frank Elizondo
|
0-0: Swinging Strike 0-1: Foul Ball, location: 2F 0-2: Ball 1-2: Foul Ball, location: 2F 1-2: Foul Ball, location: 2F 1-2: Ball 2-2: Foul Ball, location: 2F 2-2: Strikes out swinging
|
Batting: RHB Erik Mulligan
|
0-0: Ball 1-0: Ball 2-0: Swinging Strike 2-1: Foul Ball, location: 2F 2-2: Foul Ball, location: 2F 2-2: SINGLE (Line Drive, 7S, EV 106.9 MPH) Dan Kurtz to second
|
Batting: LHB Chad Cutler
|
0-0: Ball 1-0: Ball 2-0: Swinging Strike 2-1: Swinging Strike 2-2: Foul Ball, location: 2F 2-2: Ball 3-2: Base on Balls Dan Kurtz to third Erik Mulligan to second
|
Pitching: RHP Carlos Palacios
|
|
Batting: RHB Terrence Wilson
|
0-0: Swinging Strike 0-1: Ball 1-1: Hit by Pitch Dan Kurtz scores Erik Mulligan to third Chad Cutler to second
|
Batting: SHB Don Hauk
|
0-0: Ball 1-0: Fly out, F7 (Flyball, 78D, EV 99.4 MPH)
|
Bottom of the 5th over - 1 run, 1 hit, 0 errors, 3 left on base; Winnipeg 1 - Chester 7 |
TOP OF THE 6TH |
Winnipeg Goldeyes batting - Pitching for Chester Pirates : RHP Hitoshi Yoshihara
|
Batting: RHB Steve Raine
|
0-0: Called Strike 0-1: Foul Ball, location: 2F 0-2: SOLO HOME RUN (Flyball, 7D, EV 103.1 MPH), Distance : 381 ft
|
Batting: LHB Marvin Shepherd
|
0-0: Ball 1-0: Foul Ball, location: 2F 1-1: SINGLE (Line Drive, 56D, EV 98.8 MPH)
|
Batting: SHB Manny Molina
|
0-0: Called Strike 0-1: Ball 1-1: Ball 2-1: Foul Ball, location: 2F 2-2: Foul Ball, location: 2F 2-2: Fly out, F8 (Flyball, 8RXD, EV 101.9 MPH)
|
Batting: LHB Kuemon Shishido
|
0-0: Called Strike 0-1: Ball 1-1: Ball 2-1: Called Strike 2-2: Foul Ball, location: 2F 2-2: Foul Ball, location: 2F 2-2: Strikes out swinging
|
Batting: LHB Brian Wagner
|
0-0: Called Strike Marvin Shepherd is caught stealing 2nd base 2-6
|
Top of the 6th over - 1 run, 2 hits, 0 errors, 0 left on base; Winnipeg 2 - Chester 7 |
BOTTOM OF THE 6TH |
Chester Pirates batting - Pitching for Winnipeg Goldeyes : RHP Carlos Palacios
|
Batting: RHB Brandon White
|
0-0: Swinging Strike 0-1: Ball 1-1: Ball 2-1: Ball 3-1: Foul Ball, location: 2F 3-2: Strikes out looking
|
Batting: RHB Jeff Edwards
|
0-0: Ball 1-0: Ball 2-0: SOLO HOME RUN (Flyball, 78XD, EV 111.2 MPH), Distance : 426 ft
|
Batting: RHB Dan Kurtz
|
0-0: Ball 1-0: Ball 2-0: Foul Ball, location: 2F 2-1: Ball 3-1: Foul Ball, location: 2F 3-2: Ground out 6-3 (Groundball, 6, EV 84.4 MPH)
|
Pitching: LHP David Gordon
|
|
Batting: LHB Dustin Herman
|
0-0: Ball 1-0: Called Strike 1-1: Ball 2-1: Ground out 1-3 (Groundball, 15S, EV 68.8 MPH)
|
Bottom of the 6th over - 1 run, 1 hit, 0 errors, 0 left on base; Winnipeg 2 - Chester 8 |
TOP OF THE 7TH |
Winnipeg Goldeyes batting - Pitching for Chester Pirates : RHP Hitoshi Yoshihara
|
Batting: LHB Brian Wagner
|
0-0: Ball 1-0: Ball 2-0: SINGLE (Groundball, 4MD, EV 103.8 MPH)
|
Batting: RHB Alexandre Garcia
|
0-0: Ball 1-0: Ball 2-0: Ball 3-0: Called Strike 3-1: SINGLE (Line Drive, 9S, EV 98.8 MPH) Brian Wagner to second Runner from 2nd tries for 3rd, SAFE, throw by RF made to third
|
Pitching: RHP Kyle Davis
|
|
Batting: RHB Ton van Dijk
|
0-0: Ball Alexandre Garcia steals 2nd base 1-0: Called Strike 1-1: Ball 2-1: Ball 3-1: Called Strike 3-2: Ground out 5-3 (Groundball, 56, EV 109.4 MPH) Brian Wagner scores
|
Batting: RHB John Dew
|
0-0: Called Strike 0-1: Ball 1-1: Ball 2-1: Foul Ball, location: 2F 2-2: Ground out 5-3 (Groundball, 5S, EV 75.6 MPH)
|
Batting: SHB Ian Thompson
|
0-0: Ball 1-0: Foul Ball, location: 2F 1-1: 2-RUN HOME RUN (Flyball, 89XD, EV 107.5 MPH), Distance : 416 ft
|
Batting: RHB Steve Raine
|
0-0: Ball 1-0: Fly out, F9 (Flyball, 9LM, EV 91.9 MPH)
|
Top of the 7th over - 3 runs, 3 hits, 0 errors, 0 left on base; Winnipeg 5 - Chester 8 |
BOTTOM OF THE 7TH |
Chester Pirates batting - Pitching for Winnipeg Goldeyes : LHP David Gordon
|
Batting: RHB Frank Elizondo
|
0-0: Ball 1-0: Called Strike 1-1: Ball 2-1: SINGLE (Groundball, 56D, EV 101.9 MPH)
|
Batting: RHB Erik Mulligan
|
0-0: Ball 1-0: Ball 2-0: Ball 3-0: Base on Balls Frank Elizondo to second
|
Batting: LHB Chad Cutler
|
0-0: Called Strike 0-1: Ball 1-1: Ball 2-1: Ball 3-1: Base on Balls Frank Elizondo to third Erik Mulligan to second
|
Batting: RHB Terrence Wilson
|
0-0: Called Strike 0-1: Swinging Strike 0-2: Strikes out swinging
|
Pitching: RHP Scot Abbott
|
|
Batting: SHB Don Hauk
|
0-0: Ball 1-0: Foul Ball, location: 2F 1-1: Ball 2-1: Called Strike 2-2: Fly out, F7 (Flyball, 7S, EV 95.0 MPH)
|
Batting: RHB Brandon White
|
0-0: Ball 1-0: Ball 2-0: GRAND SLAM HOME RUN (Flyball, 7D, EV 103.1 MPH), Distance : 404 ft
|
Batting: RHB Jeff Edwards
|
0-0: Called Strike 0-1: Ball 1-1: Swinging Strike 1-2: Ball 2-2: Ball 3-2: SINGLE (Groundball, 6MD, EV 105.0 MPH)
|
Batting: RHB Dan Kurtz
|
0-0: Ball 1-0: Fly out, F6 (Popup, 6MS, EV 83.8 MPH)
|
Bottom of the 7th over - 4 runs, 3 hits, 0 errors, 1 left on base; Winnipeg 5 - Chester 12 |
TOP OF THE 8TH |
Winnipeg Goldeyes batting - Pitching for Chester Pirates : RHP Kyle Davis
|
Batting: LHB Marvin Shepherd
|
0-0: Ball 1-0: Ball 2-0: Foul Ball, location: 2F 2-1: SINGLE (Line Drive, 7S, EV 96.9 MPH)
|
Batting: SHB Manny Molina
|
0-0: SINGLE (Line Drive, 6D, EV 97.5 MPH) Marvin Shepherd to second
|
Batting: LHB Kuemon Shishido
|
0-0: Called Strike 0-1: Fly out, F3 (Line Drive, 3, EV 72.5 MPH)
|
Batting: LHB Brian Wagner
|
0-0: Swinging Strike 0-1: Foul Ball, location: 2F 0-2: Ball 1-2: Ball 2-2: Foul Ball, location: 2F 2-2: Strikes out swinging
|
Batting: RHB Alexandre Garcia
|
0-0: Called Strike 0-1: Ball 1-1: Reached on error, E5 (Groundball, 56, EV 94.4 MPH) Marvin Shepherd to third Manny Molina to second
|
Batting: RHB Ton van Dijk
|
0-0: Swinging Strike 0-1: Ball 1-1: Ball 2-1: SINGLE (Line Drive, 5D, EV 102.5 MPH) Marvin Shepherd scores Manny Molina to third Alexandre Garcia to second
|
Batting: RHB John Dew
|
0-0: Fly out, F8 (Flyball, 8LS, EV 86.2 MPH)
|
Top of the 8th over - 1 run, 3 hits, 1 error, 3 left on base; Winnipeg 6 - Chester 12 |
BOTTOM OF THE 8TH |
Chester Pirates batting - Pitching for Winnipeg Goldeyes : RHP Scot Abbott
|
Batting: LHB Dustin Herman
|
0-0: SINGLE (Groundball, 5L, EV 104.4 MPH) (infield hit)
|
Batting: RHB Frank Elizondo
|
0-0: Swinging Strike 0-1: Grounds into double play, 4-6-3 (Groundball, 34, EV 101.2 MPH)
|
Batting: RHB Erik Mulligan
|
0-0: Fly out, F6 (Line Drive, 6, EV 71.2 MPH)
|
Bottom of the 8th over - 0 runs, 1 hit, 0 errors, 0 left on base; Winnipeg 6 - Chester 12 |
TOP OF THE 9TH |
Winnipeg Goldeyes batting - Pitching for Chester Pirates : RHP Kyle Davis
|
Pitching: RHP Pat Hall
|
|
Batting: SHB Ian Thompson
|
0-0: Swinging Strike 0-1: Ball 1-1: Foul Ball, location: 2F 1-2: Strikes out swinging
|
Batting: RHB Steve Raine
|
0-0: Ball 1-0: Foul Ball, location: 2F 1-1: Called Strike 1-2: Ball 2-2: Ball 3-2: DOUBLE (Line Drive, 9LM, EV 88.8 MPH)
|
Batting: LHB Marvin Shepherd
|
0-0: Ball 1-0: Ball 2-0: Ball 3-0: Called Strike 3-1: Called Strike 3-2: Foul Ball, location: 2F 3-2: Strikes out swinging
|
Batting: SHB Manny Molina
|
0-0: Called Strike 0-1: Foul Ball, location: 2F 0-2: Foul Ball, location: 2F 0-2: Strikes out looking
|
Top of the 9th over - 0 runs, 1 hit, 0 errors, 1 left on base; Winnipeg 6 - Chester 12 |
|